Map: Pylon LE

Players

fernando - Winner!

  • Race: Protoss Protoss
  • Spawn Location: 11:00

ManlyManMeat

  • Race: Protoss Protoss
  • League: Master
  • Spawn Location: 5:00

VOD

Have the link to the VOD?

Description

Time

  • Played on: June 14, 2025, 4 p.m.
  • Length: 2:23
Show
View Real Time Build Order
Export as new Build Order

fernando Protoss - Winner!

Build Orders:  

Get SALT Encoding   

  1  0:00  Probe  
  12  0:05  Probe  
  14  0:20  Pylon  
  14  0:28  Probe  
  15  0:44  Pylon  
  15  0:45  Probe  
  15  0:48  Forge  
  16  1:12  Probe  
  17  1:20  Probe  
  17  1:22  Photon Cannon  
  18  1:30  Pylon  
  18  1:32  Probe  
  18  1:38  Gateway  
  19  1:44  Probe  
  20  1:50  Photon Cannon  
  20  1:56  Pylon  
  20  2:05  Pylon  
  20  2:09  Probe  
  21  2:17  Photon Cannon  
Show
View Real Time Build Order
Export as new Build Order

ManlyManMeat Protoss 

Build Orders:  

Get SALT Encoding   

  12  0:00  Probe  
  13  0:12  Probe  
  14  0:20  Pylon  
  14  0:25  Probe  
  15  0:38  Probe  
  15  0:42  Gateway  
  16  0:45  Assimilator  
  16  0:46  Probe  
  16  0:54  Probe  
  18  1:22  Gateway  
  18  1:30  Cybernetics Core  
  18  1:35  Probe  
  18  2:01  Pylon  
  18  2:06  Probe  
Tags
 
League
Master
Matchup
PvP
Spawn Locations
Cross Positions
Add a new tag
Caveats
  • Supply blocks, unpowered buildings, or Contaminate may cause inaccurate times.
  • Supply counts are checked every 10 seconds.